Description

The terran's side build you can find on my account, it's called - 2v2 mass ReaperMutaT - The idea is that Terran can keep opponents busy at home with his reapers while zerg build up insane economy extremely quickly to mass the mutas which can win the game before 10th minute.

Replay - Heavy Artillery LE (2)

Build Order

Get SALT Encoding   

  12  0:00  Drone  
  13  0:11  Drone  
  14  0:18  Overlord  
  14  0:37  Drone x3  
  17  0:52  Hatchery  
  17  0:56  Drone  
  17  1:16  Hatchery  
  16  1:19  Drone  
  17  1:39  Hatchery  
  16  1:43  Drone x2  
  18  1:49  Drone  
  19  1:56  Overlord  
  19  2:08  Spawning Pool  
  28  2:48  Extractor  
  31  2:59  Queen x2  
  38  3:14  Overlord x2  
  40  3:28  Overlord  
  43  3:41  Queen  
  56  4:04  Queen  
  65  4:21  Lair  
  73  4:38  Extractor  
  81  4:59  Extractor x4  
  86  5:04  Extractor x2  
  85  5:35  Spire  
  90  5:59  Hatchery  
  96  6:27  Overseer x2  
  96  6:29  Pneumatized Carapace  
  96  6:47  Mutalisk x10  
  96  6:53  Zerg Flyer Weapons Level 1  
  144  7:51  Zergling x18  
  149  7:52  Metabolic Boost  
Spawning Tool Build Advisor. Get it on Overwolf

Analysis

While terran is keeping the opponents busy on their side of the map, you're going up to 4 bases before 2nd minute. Then, while still barely making any army, you go up to full 4 base saturation, that is around 80/88 drones, and mass muta. WARNING! terran's eco is garbage so you have to give him minerals so he can build army! Also in the game from the replay, i did some zerglings to defend, you want to avoid it if possible and do not go across the map with less than 14 mutas (in some games i went up to way beyond 40)

Go to:

Details

  • Created by: mlekolaj
  • Published on: Jul 29, 2022
  • Modified on: Jul 29, 2022
  • Patch: 4.11.0
  • Difficulty: Easy
Show
View Real Time Build Order
Export as new Build Order

Comments (1)

On Aug. 18, 2022, 3:48 a.m., freshmeat  said:

Its stupid to rush 4 hatcheries, as you need minerals to snowball your economy faster instead. Just do a standard build into 10 mutas at 5-30, quickly add 4th and roll from there.

You can't beat standard build man.

Create an account to comment!